 Dungeon Crawl Stone Soup version 0.29-a0-459-g97dee8cd24 (webtiles) character file.

Game seed: 1874578765114636692

75 siradein the Grave Robber (level 4, 0/30 HPs)
             Began as a Demonspawn Necromancer on May 20, 2022.
             Succumbed to an adder's poison
             ... on level 2 of the Dungeon.
             The game lasted 00:02:44 (1779 turns).

siradein the Grave Robber (Demonspawn Necromancer)  Turns: 1779, Time: 00:02:45

Health: 0/30       AC:  3    Str:  8    XL:     4   Next: 11%
Magic:  0/8        EV: 11    Int: 18    God:
Gold:   152        SH:  0    Dex: 14    Spells: 5/9 levels left

rFire   . . .      SeeInvis .   i - +2 dagger (venom)
rCold   . . .      Faith    .   (no shield)
rNeg    . . .      Spirit   .   l - +0 leather armour
rPois   .          Reflect  .   (no helmet)
rElec   .          Harm     .   (no cloak)
rCorr   .          Rampage  .   (no gloves)
Will    .....                   (no boots)
Stlth   ++........              (no amulet)
HPRegen 0.10/turn               (no ring)
MPRegen 0.11/turn               (no ring)

@: lethally poisoned (0 -> -10)
A: demonic guardian 1, powered by pain 1
a: no special abilities


You were on level 2 of the Dungeon.
You visited 1 branch of the dungeon, and saw 2 of its levels.

You collected 152 gold pieces.

Inventory:

Hand Weapons
 i - a +2 dagger of venom (weapon)
Armour
 l - a +0 leather armour (worn)
Scrolls
 a - 3 scrolls of noise {unknown}
 c - a scroll of amnesia {unknown}
 d - a scroll of magic mapping {unknown}
 e - 3 scrolls of identify {unknown}
 f - a scroll of enchant weapon {unknown}
 g - a scroll of teleportation {unknown}
 k - a scroll of immolation {unknown}
Potions
 b - a potion of magic
 h - 2 potions of haste {unknown}
 j - a potion of lignification {unknown}
 m - a potion of berserk rage {unknown}
 n - a potion of heal wounds {unknown}
 o - a potion of curing {unknown}


   Skills:
 - Level 1.7 Dodging
 - Level 1.7 Stealth
 + Level 3.2 Spellcasting
 + Level 5.4 Necromancy


You had 5 spell levels left.
You knew the following spells:

 Your Spells              Type           Power      Damage    Failure   Level
a - Necrotize             Necr           88%        1d8       2%          1
b - Vampiric Draining     Necr           22%        2d7       8%          3

Your spell library contained the following spells:

 Spells                   Type           Power      Damage    Failure   Level
 Animate Dead             Necr           22%        N/A       26%         4
 Agony                    Necr           22%        N/A       56%         5


Dungeon Overview and Level Annotations

Branches:
Dungeon (2/15)

Altars:


Innate Abilities, Weirdness & Mutations

A weak demonic guardian rushes to your aid.
You sometimes gain a little power by taking damage.


Message History

You are lethally poisoned!
The adder poisons you! The adder bites your bat skeleton.
Unknown command.
Unknown command.
You hit the adder.
The adder is poisoned.
The adder is almost dead.
You feel very sick.
Your bat skeleton hits the adder but does no damage. x2
The adder bites you.
You are more poisoned.
The adder poisons you!
The adder closely misses your bat skeleton.
Your bat skeleton misses the adder.
Unknown command.
Unknown command.
You hit the adder.
You kill the adder!
* * * LOW HITPOINT WARNING * * *
You feel very sick.
Your bat skeleton hits the adder.
Your bat skeleton closely misses the adder.
The adder bites your bat skeleton.
Your bat skeleton is destroyed!
You have reached level 4!
You feel agile.
Your demonic ancestry asserts itself...
You feel the presence of a demonic guardian.
Unknown command.
Casting: Necrotize (safe; 2% risk of failure)
Confirm with . or Enter, or press ? or * to list all spells.
Aiming: Necrotize (safe; 2% risk of failure)
Press: ? - help, Shift-Dir - straight line, f - adder
Aim: an adder (lightly wounded, chance to affect: 86%)
The adder writhes in agony.
* * * LOW HITPOINT WARNING * * *
You feel very sick.
Unknown command.
Unknown command.
You hit the adder.
The adder is severely wounded.
You die...

####### #.....#
############.....#
##..........#.....#######
.....†......'...@S'......
...#####.##.#..)..##.....
...# ###'##.#.....# ...
...# #......#.....# .
..<# #............# ...#
#............#
...###............#
...#..............#
...#......#†......#


You could see an adder.

Vanquished Creatures
  2 adders (D:2)
  A dart slug (D:2)
  A ball python (D:2)
  5 endoplasms (D:1)
  2 giant cockroaches (D:2)
  6 goblins
  A hobgoblin (D:1)
  9 jackals
  7 bats
  A frilled lizard (D:1)
  3 kobolds (D:1)
  7 rats
45 creatures vanquished.

Vanquished Creatures (collateral kills)
  A goblin (D:2)
  2 jackals (D:2)
  A rat (D:1)
4 creatures vanquished.

Grand Total: 49 creatures vanquished

Notes
Turn   | Place    | Note
-------+----------+-------------------------------------------
     0 | D:1      | siradein the Demonspawn Necromancer began the quest for the
                  | Orb.
     0 | D:1      | Reached XP level 1. HP: 13/13 MP: 3/3
   169 | D:1      | Gained mutation: You sometimes gain a little power by
                  | taking damage. [demonic ancestry]
   169 | D:1      | Reached XP level 2. HP: 19/19 MP: 0/5
   913 | D:1      | Reached skill level 5 in Necromancy
   913 | D:1      | Reached XP level 3. HP: 24/24 MP: 2/7
  1118 | D:2      | Learned a level 3 spell: Vampiric Draining
  1778 | D:2      | Gained mutation: A weak demonic guardian rushes to your
                  | aid. [demonic ancestry]
  1778 | D:2      | Reached XP level 4. HP: 5/30 MP: 1/8
  1779 | D:2      | Succumbed to an adder's poison

Illustrated notes

Levels and vault maps discovered:
D:1:      moated_graveyard_arrival, layout_basic, minmay_misc_feat_enclosed
D:2:      layout_basic, hellmonk_ecumenical_altar_inner_sanctum

Skill      XL: |  1  2  3 |
---------------+----------+-----
Necromancy     | 5 |  5.4
Spellcasting   | 3 |  3.2
Dodging        | |  1.7
Stealth        | |  1.7

Action                   |  1- 3 |  4- 6 || total
-------------------------+-------+-------++-------
Melee: Mace              |    18 |       ||    18
       Dagger            |    28 |     1 ||    29
 Cast: Necrotize         |    62 |     1 ||    63
Armor: Robe              |    15 |       ||    15
       Leather armour    |     3 |       ||     3
Dodge: Dodged            |    55 |       ||    55

Table legend: (Time is in decaauts)
 A = Elapsed time spent in this place.
 B = Non-inter-level travel time spent in this place.
 C = Inter-level travel time spent in this place.
 D = Time resting spent in this place.
 E = Time spent auto-exploring this place.
 F = Levels seen in this place.
 G = Mean time per level.
                   A        B        C        D        E       F      G
               +--------+--------+--------+--------+--------+-----+--------+
         Total |   1785 |   1705 |     80 |      0 |   1451 |   2 |  892.5 |
       Dungeon |   1785 |   1705 |     80 |      0 |   1451 |   2 |  892.5 |
               +--------+--------+--------+--------+--------+-----+--------+

Top non-repeatable levels by time:
     D:1: 1119 daAuts
     D:2: 665 daAuts
